 Dungeon Crawl Stone Soup version 0.27.1-3-gb3d3a73c9e (webtiles) character file.

Game seed: 7178017284422736866

14905 BinkBink the Basher (level 11, 0/82 (87) HPs)
             Began as a Demonspawn Gladiator on Oct 31, 2021.
             Was an Elder of Vehumet.
             Slain by an orc sorcerer (6 damage)
             ... while paralysed by an orc sorcerer
             ... on level 2 of the Orcish Mines.
             The game lasted 01:05:38 (15159 turns).

BinkBink the Basher (Demonspawn Gladiator)         Turns: 15159, Time: 01:05:39

HP:   0/82 (87)     AC:  7    Str: 15    XL:     11   Next: 94%
MP:   11/11         EV:  2    Int: 12    God:    Vehumet [****..]
Gold: 888           SH:  0    Dex: 19    Spells: 4/11 levels left

rFire    . . .     SeeInvis .   f - +2 whip (venom)
rCold    . . .     Faith    .   (no shield)
rNeg     . . .     Spirit   .   F - +0 troll leather armour
rPois    .         Reflect  .   c - +0 helmet
rElec    .         Harm     .   (no cloak)
rCorr    +         Rampage  .   W - +0 pair of gloves
Will     .....                  (boots unavailable)
Stlth    ++++++....             (no amulet)
HPRegen  1.23/turn              t - ring of resist corrosion
MPRegen  0.12/turn              u - +4 ring of evasion

@: paralysed, drained
A: hooves 3, thin skeletal structure 2, demonic guardian 3
a: Renounce Religion


You were on level 2 of the Orcish Mines.
You worshipped Vehumet.
Vehumet was greatly pleased with you.
You visited 3 branches of the dungeon, and saw 14 of its levels.
You also visited: Ossuary.

You collected 1226 gold pieces.
You spent 338 gold pieces at shops.

Inventory:

Hand Weapons
 a - a +0 long sword
 f - a +2 whip of venom (weapon)
 C - a +1 dire flail of distortion
 H - a +4 falchion
 M - a +4 long sword
 Y - a +2 dire flail of protection
Missiles
 d - 4 throwing nets (quivered)
Armour
 b - a +0 leather armour
 c - a +0 helmet (worn)
 B - +0 swamp dragon scales
 F - a +0 troll leather armour (worn)
 J - +0 steam dragon scales
 L - the +6 chain mail of Nofiu {rElec rC- Dex+3}
   (You found it on level 8 of the Dungeon)

   Dex:       It affects your dexterity (+3).
   rC:        It makes you vulnerable to cold.
   rElec:     It insulates you from electricity.
 V - a +1 hat
 W - a +0 pair of gloves (worn)
Jewellery
 t - a ring of resist corrosion (left hand)
 u - a +4 ring of evasion (right hand)
 v - an amulet of reflection
 D - the ring "Yloadghio" {rPois Str-5 Int+6 Dex+3}
   (You found it on level 6 of the Dungeon)

   [ring of intelligence]

   Str:       It affects your strength (-5).
   Int:       It affects your intelligence (+6).
   Dex:       It affects your dexterity (+3).
   rPois:     It protects you from poison.
 K - a ring of fire
 P - a ring of positive energy
 T - a ring of see invisible
Wands
 p - a wand of acid (5)
 q - a wand of mindburst (50)
 y - a wand of digging (4)
 G - a wand of flame (61)
 I - a wand of iceblast (18)
 N - a wand of charming (11)
Scrolls
 i - 5 scrolls of teleportation
 n - a scroll of brand weapon
 o - 2 scrolls of blinking
 s - a scroll of enchant weapon
 w - 2 scrolls of noise
 z - a scroll of vulnerability {unknown}
 A - a scroll of fog {unknown}
 O - a scroll of enchant armour {unknown}
 Q - 3 scrolls of amnesia
 S - a scroll of acquirement {unknown}
 U - a scroll of torment {unknown}
 X - a scroll of fear {unknown}
Potions
 e - 2 potions of lignification {unknown}
 g - a potion of experience {unknown}
 h - a potion of brilliance {unknown}
 j - 3 potions of curing
 k - 2 potions of berserk rage
 l - a potion of invisibility
 m - 3 potions of attraction
 r - 3 potions of might
 x - 2 potions of flight
 E - a potion of heal wounds {unknown}
 R - 4 potions of magic
 Z - a potion of haste


   Skills:
 + Level 8.5 Fighting
 + Level 3.3 Long Blades
 + Level 10.8 Maces & Flails
 + Level 1.8 Throwing
 + Level 5.4 Armour
 + Level 7.6 Dodging
 + Level 8.3 Stealth
 + Level 0.5 Spellcasting
 + Level 0.6 Summonings


You had 4 spell levels left.
You knew the following spells:

 Your Spells              Type           Power      Damage    Failure   Level
a - Sticky Flame          Conj/Fire      0%         2d3       65%         4
b - Call Canine Familiar  Summ           1%         N/A       65%         3

Your spell library contained the following spells:

 Spells                   Type           Power      Damage    Failure   Level
 Ozocubu's Refrigeration  Ice            0%         4d5       100%        7
 Poisonous Vapours        Pois/Air       0%         N/A       16%         2
 Summon Small Mammal      Summ           4%         N/A       28%         1
 Ignite Poison            Fire/Tmut/Pois 0%         N/A       28%         3
 Mephitic Cloud           Conj/Pois/Air  0%         N/A       28%         3
 Animate Skeleton         Necr           0%         N/A       36%         1
 Apportation              Tloc           0%         N/A       36%         1
 Corona                   Hex            0%         N/A       36%         1
 Corpse Rot               Necr/Air       N/A        N/A       50%         2
 Sublimation of Blood     Necr           0%         N/A       50%         2
 Wereblood                Tmut           0%         N/A       50%         2
 Portal Projectile        Hex/Tloc       0%         N/A       75%         3
 Leda's Liquefaction      Hex/Erth       0%         N/A       98%         4
 Bolt of Magma            Conj/Fire/Erth 0%         4d4       92%         5
 Freezing Cloud           Conj/Ice/Air   0%         6-21      92%         5
 Dispersal                Tloc           0%         N/A       100%        6
 Summon Hydra             Summ           0%         N/A       100%        7
 Disjunction              Tloc           0%         N/A       100%        8


Dungeon Overview and Level Annotations

Branches:
Dungeon (11/15)            Temple (0/1) D:7            Lair (1/6) D:8
    Orc (2/2) D:9         Ossuary (visited)
    Elf: Orc:2

Altars:
Ashenzari
Cheibriados
Dithmenos
Qazlal
Ru
Uskayaw
Vehumet
Wu Jian
Zin
The Shining One
Beogh

Shops:
D:11 :[

Annotations:
D:4 2 transporters, Terracrafty's ghost, amateur TrAM
D:6 2 transporters, Jabberih's ghost, novice MfIE


Innate Abilities, Weirdness & Mutations

You have hooves in place of feet.
You have a moderately thin skeletal structure. (Dex +4, Stealth++)
A powerful demonic guardian rushes to your aid.


Message History

The orc knight roars a battlecry!
The orcs go into a battle-frenzy!
Unknown command.
Found 20 gold pieces.
The orc sorcerer hits you with a +0 dagger.
The orc sorcerer gestures at you while chanting.
The bolt of negative energy misses you.
An orc knight comes into view. It is wielding a +3 long sword.
The orc sorcerer looks more healthy.
The orc sorcerer casts a spell at you.
You suddenly lose the ability to move!
The orc warrior no longer looks unusually strong.
The orc sorcerer casts a spell at you. The bolt of fire hits you!!
The orc wizard points at you and mumbles some strange words.
You are confused.
The orc shouts!
The orc sorcerer no longer looks unusually strong.
The orc sorcerer casts a spell at you. You resist with significant effort.
The orc warrior hits you from afar with a +0 glaive!
The orc warrior hits you from afar with a +0 glaive!
The orc knight roars a battlecry!
The orcs go into a battle-frenzy!
You can move again.
The orc sorcerer points at you and mumbles some strange words.
You resist with significant effort.
There is a stone staircase leading up here.
The orc sorcerer points at you and mumbles some strange words.
You suddenly lose the ability to move!
The orc warrior completely misses you.
You feel less confused.
The orc warrior hits you from afar with a +0 glaive!!
* * * LOW HITPOINT WARNING * * *
A demonic guardian appears!
The orc wizard gestures at you while chanting.
The magic dart hits you!
* * * LOW HITPOINT WARNING * * *
The orc shouts!
The orc sorcerer hits you with a +0 dagger.
You die...

##......##...#.##
.........##.....#
...............##
#.....$......#####
......##.....#.#.##
..................#
..............3..##
..#...........o.##
.............o.o@#
..............o...#
..............o..##
..........o.......#
.................##
.................#
...o......o.###.##
....o..$....##...
....o........#


You could see 2 orc knights, an orc sorcerer (strong), an orc warrior (strong,
ally target), an orc wizard, 2 orcs and a friendly sun demon (summoned).

Vanquished Creatures
  A hydra (D:6)
  A boulder beetle (Lair:1)
  3 two-headed ogres
  Pikel (D:8)
  An orc sorcerer (Orc:1)
  A nameless horror (D:11)
  A komodo dragon (Lair:1)
  A troll (Orc:1)
  A hornet (D:11)
  2 wraiths (Ossuary)
  3 steam dragons
  7 yaks (D:8)
  A wyvern (D:9)
  4 wargs
  Edmund (D:5)
  An acid dragon (D:9)
  6 orc warriors
  A sky beast (D:6)
  5 ogres
  A centaur (D:8)
  6 wolves (Lair:1)
  A kobold brigand (D:8)
  3 lemures (D:8)
  4 bullfrogs
  4 scorpions
  10 killer bees
  7 wights
  A howler monkey (D:5)
  3 centaur zombies
  A bullfrog skeleton (D:6)
  A hound (D:5)
  5 orc priests
  2 centaur skeletons
  3 iguanas
  16 orc wizards
  A killer bee zombie (D:7)
  A hound skeleton (D:5)
  4 gnolls
  A howler monkey skeleton (D:7)
  5 adders
  A river rat (D:6)
  2 shadow imps
  A white imp (D:7)
  An ufetubus (D:5)
  An adder zombie (Ossuary)
  An adder skeleton (D:4)
  4 worms
  3 dart slugs
  33 orcs
  3 ball pythons
  5 bats
  8 endoplasms
  A giant cockroach (D:1)
  7 goblins
  5 hobgoblins
  9 jackals (D:1)
  4 quokkas
  A ball python skeleton (Ossuary)
  2 frilled lizards
  3 hobgoblin skeletons (Ossuary)
  13 kobolds
  4 kobold zombies (Ossuary)
  8 rats
242 creatures vanquished.

Vanquished Creatures (collateral kills)
  A hydra (Lair:1)
  Erolcha (Orc:1)
  A two-headed ogre (D:9)
  Maurice (D:8)
  A gargoyle (D:10)
  Maggie (D:8)
  A komodo dragon (Lair:1)
  A troll (D:6)
  A wyvern (D:8)
  3 yaks (D:8)
  A steam dragon (D:8)
  A warg (Orc:1)
  3 orc warriors
  A sky beast (D:6)
  An ice beast (D:6)
  A black bear (D:6)
  A wyvern skeleton (D:6)
  A killer bee (D:7)
  A wight (D:7)
  A bullfrog zombie (D:5)
  A jelly (D:4)
  A gnoll shaman (D:6)
  An orc priest (Orc:1)
  2 orc wizards
  2 gnolls (D:2)
  A worm (D:2)
  4 orcs
  An endoplasm (D:2)
  2 jackals (D:1)
  A ball python (D:1)
  2 goblins
42 creatures vanquished.

Vanquished Creatures (others)
  An acid dragon (D:8)
  An orc wizard (D:7)
  2 fungi (D:1)
  9 plants
13 creatures vanquished.

Grand Total: 297 creatures vanquished

Notes
Turn   | Place    | Note
-------+----------+-------------------------------------------
     0 | D:1      | BinkBink the Demonspawn Gladiator began the quest for the
                  | Orb.
     0 | D:1      | Reached XP level 1. HP: 16/16 MP: 1/1
   117 | D:1      | Gained mutation: A weak demonic guardian rushes to your
                  | aid. [demonic ancestry]
   117 | D:1      | Reached XP level 2. HP: 11/22 MP: 2/2
   474 | D:1      | Found a faded altar of an unknown god.
   485 | D:1      | Became a worshipper of Vehumet
   485 | D:1      | Reached * piety under Vehumet
   485 | D:1      | Offered knowledge of Foxfire by Vehumet.
   577 | D:1      | Gained mutation: A demonic guardian rushes to your aid.
                  | [demonic ancestry]
   577 | D:1      | Reached XP level 3. HP: 18/27 MP: 3/3
  1104 | D:2      | Reached skill level 1 in Armour
  1434 | D:2      | Gained mutation: You have a somewhat thin skeletal
                  | structure. (Dex +2, Stealth+) [demonic ancestry]
  1434 | D:2      | Reached XP level 4. HP: 30/33 MP: 4/4
  1653 | D:2      | Offered knowledge of Shock by Vehumet.
  1843 | D:2      | Reached skill level 1 in Maces & Flails
  1902 | D:2      | You fall into a shaft and drop 1 floor!
  2243 | D:2      | Reached ** piety under Vehumet
  2315 | D:3      | Reached skill level 1 in Stealth
  2316 | D:3      | Reached XP level 5. HP: 30/39 MP: 5/5
  2967 | D:3      | Reached skill level 2 in Maces & Flails
  3162 | D:4      | Noticed Terracrafty's ghost (amateur TrAM)
  3164 | D:4      | Found a transporter.
  3236 | D:4      | Noticed an ogre
  3563 | D:4      | Found a transporter.
  3604 | D:4      | Found a sacrificial altar of Ru.
  3712 | D:4      | Offered knowledge of Frozen Ramparts by Vehumet.
  4139 | D:4      | Gained mutation: A powerful demonic guardian rushes to your
                  | aid. [demonic ancestry]
  4139 | D:4      | Reached XP level 6. HP: 37/46 MP: 6/6
  4830 | D:5      | Entered Level 5 of the Dungeon
  4844 | D:5      | Reached skill level 3 in Maces & Flails
  5033 | D:5      | Gained mutation: You have large cloven feet. [demonic
                  | ancestry]
  5033 | D:5      | Reached XP level 7. HP: 52/52 MP: 7/7
  5211 | D:5      | Reached skill level 4 in Maces & Flails
  5941 | D:5      | Reached *** piety under Vehumet
  6182 | D:6      | Reached XP level 8. HP: 23/59 MP: 8/8
  6237 | D:6      | Reached skill level 5 in Maces & Flails
  6556 | D:6      | Found a transporter.
  6559 | D:6      | Noticed Jabberih's ghost (novice MfIE)
  6561 | D:6      | Noticed a komodo dragon
  6604 | D:6      | Found a transporter.
  6626 | D:6      | Noticed Edmund
  6854 | D:6      | Found a stormy altar of Qazlal.
  6969 | D:5      | Killed Edmund
  7124 | D:6      | Identified the ring "Yloadghio" {rPois Str-5 Int+6 Dex+3}
  7365 | D:6      | Reached skill level 6 in Maces & Flails
  7593 | D:6      | Noticed a five-headed hydra
  7595 | D:6      | Noticed a troll
  7603 | D:6      | Killed a five-headed hydra
  7604 | D:6      | Reached skill level 5 in Dodging
  7604 | D:6      | Gained mutation: You have a moderately thin skeletal
                  | structure. (Dex +4, Stealth++) [demonic ancestry]
  7604 | D:6      | Reached XP level 9. HP: 27/66 MP: 9/9
  7611 | D:6      | Killed a troll
  7611 | D:6      | Offered knowledge of Sticky Flame by Vehumet.
  8093 | D:4      | Learned a level 4 spell: Sticky Flame
  8256 | D:7      | Reached skill level 7 in Maces & Flails
  8262 | D:7      | Found a staircase to the Ecumenical Temple.
  8714 | D:7      | Reached skill level 5 in Fighting
  8714 | D:7      | Reached skill level 5 in Stealth
  9033 | D:7      | Reached skill level 8 in Maces & Flails
  9122 | D:7      | Found a broken altar of Ashenzari.
  9129 | D:7      | Found a shadowy altar of Dithmenos.
  9392 | D:8      | Found a staircase to the Lair.
  9393 | D:8      | Reached **** piety under Vehumet
  9580 | D:8      | Identified the +6 chain mail of Nofiu {rElec rC- Dex+3}
  9615 | D:8      | Gained mutation: You have hoof-like feet. [demonic
                  | ancestry]
  9615 | D:8      | Reached XP level 10. HP: 56/76 MP: 10/10
  9639 | D:8      | Offered knowledge of Olgreb's Toxic Radiance by Vehumet.
  9760 | D:8      | Found a sand-covered staircase.
  9767 | Ossuary  | Entered an ossuary
 10268 | D:8      | Found a snail-covered altar of Cheibriados.
 10317 | D:8      | Noticed Maggie
 10317 | D:8      | Noticed Maurice
 10320 | D:8      | Noticed Pikel
 10462 | D:8      | Reached ***** piety under Vehumet
 10463 | D:8      | Reached skill level 9 in Maces & Flails
 10926 | D:8      | Killed Maggie
 11012 | D:8      | Killed Pikel
 11012 | D:8      | Offered knowledge of Ozocubu's Refrigeration by Vehumet.
 11022 | D:8      | Killed Maurice
 11735 | D:9      | Noticed a two-headed ogre
 11745 | D:9      | Killed a two-headed ogre
 11746 | D:9      | Gained mutation: You have hooves in place of feet. [demonic
                  | ancestry]
 11746 | D:9      | Reached XP level 11. HP: 73/84 MP: 11/11
 12035 | D:9      | Found a staircase to the Orcish Mines.
 12216 | Lair:1   | Entered Level 1 of the Lair of Beasts
 12231 | Lair:1   | Found an ornate altar of the Wu Jian Council.
 12231 | Lair:1   | Noticed a boulder beetle
 12233 | Lair:1   | Found a hide-covered altar of Uskayaw.
 12255 | Lair:1   | Killed a boulder beetle
 12256 | Lair:1   | Reached skill level 10 in Maces & Flails
 12488 | Lair:1   | Noticed a five-headed hydra
 12514 | Lair:1   | Killed a five-headed hydra
 12846 | Lair:1   | Reached skill level 5 in Armour
 13237 | D:10     | Entered Level 10 of the Dungeon
 13336 | D:10     | Noticed a two-headed ogre
 13386 | D:10     | Killed a two-headed ogre
 13532 | D:10     | Noticed a two-headed ogre
 13551 | D:10     | Killed a two-headed ogre
 14066 | D:11     | Found Qarchidoe's Armour Emporium.
 14070 | D:11     | Found Cosud's Book Emporium.
 14081 | D:11     | Bought a book of the Hunter for 338 gold pieces
 14086 | D:11     | Learned a level 3 spell: Call Canine Familiar
 14140 | D:11     | Noticed a nameless horror
 14149 | D:11     | Killed a nameless horror
 14266 | Orc:1    | Entered Level 1 of the Orcish Mines
 14299 | Orc:1    | Noticed Erolcha
 14334 | Orc:1    | Noticed a two-headed ogre
 14340 | Orc:1    | Killed a two-headed ogre
 14346 | Orc:1    | Killed Erolcha
 14526 | Orc:1    | Noticed an orc sorcerer
 14538 | Orc:1    | Paralysed by an orc sorcerer for 7 turns
 14544 | Orc:1    | Killed an orc sorcerer
 14925 | Orc:2    | Entered Level 2 of the Orcish Mines
 14950 | Orc:2    | Noticed an orc knight
 15126 | Orc:2    | Noticed an orc sorcerer
 15131 | Orc:2    | Noticed an orc knight
 15138 | Orc:2    | Noticed an orc knight
 15148 | Orc:2    | Paralysed by an orc sorcerer for 6 turns
 15157 | Orc:2    | Paralysed by an orc sorcerer for 3 turns
 15159 | Orc:2    | Slain by an orc sorcerer

Illustrated notes

Levels and vault maps discovered:
D:1:      lemuel_arrival_river_passageway, layout_rooms,
          dreamdust_ecumenical_altar_hidden_monk_grotto
D:2:      layout_loops_ring, grunt_ministairs_8
D:3:      layout_loops_cross, dk_noncrumbling_4
D:4:      layout_layer_cave, mainiacjoe_overflow_cross_hatched,
          gammafunk_ghost_arena
D:5:      layout_loops_ring
D:6:      layout_gridville, nicolae_qazlal_scattered_showers,
          portal_sewer_entry_e, gammafunk_ghost_arena, st_stairs_9,
          minmay_small_thing, uniq_edmund
D:7:      layout_loops_cross, mainiacjoe_overflow_big_doors,
          minmay_temple_entry_crystal_x
D:8:      layout_loops_ring, mainiacjoe_overflow_boulevard,
          erik_lair_orcish_takeover, chequers_ossuary_entry_cave,
          kennysheep_potato, uniq_maggie, uniq_maurice, uniq_pikel
D:9:      layout_gridville, overflow_temple_1_default, orc_0_dummy
D:10:     layout_loops_cross, nicolae_tso_swordbearing_angel
D:11:     layout_basic, serial_shops, nicolae_shop_waterfront, shop_fountains,
          nicolae_inconvenience_store, kennysheep_mini, minmay_misc_feat_square,
          minmay_three_doors
Lair:1:   layout_roguey, nzn_masters_of_martial_movement,
          infiniplex_staircase_pool_2
Orc:1:    layout_caves, basic_altar, mines4_lemuel, uniq_erolcha
Orc:2:    grunt_orc_cross, layout_caves

Skill      XL: |  1  2  3  4  5  6  7  8  9 10 11 |
---------------+----------------------------------+-----
Long Blades    | 3 |  3.3
Dodging        | 3 4 5 6 7 |  7.6
Armour         | 1 2 4 5 |  5.4
Maces & Flails | 1 2 3 4 6 8 9 10 | 10.8
Stealth        | 1 2 3 4 5 6 8 |  8.3
Fighting       | 3 4 5 7 8 |  8.5
Throwing       | |  1.8
Spellcasting   | |  0.5
Summonings     | |  0.6

Action                   |  1- 3 |  4- 6 |  7- 9 | 10-12 || total
-------------------------+-------+-------+-------+-------++-------
Melee: Long sword        |    38 |       |       |       ||    38
       Whip              |    42 |   167 |   372 |   595 ||  1176
       Kick              |       |       |   143 |   254 ||   397
 Cast: Call Canine Famil |       |       |       |     1 ||     1
  Use: Scroll            |       |       |     7 |     5 ||    12
 Stab: Sleeping          |       |    16 |    19 |    27 ||    62
       Distracted        |       |       |     1 |     4 ||     5
Armor: Leather armour    |    30 |    27 |    11 |       ||    68
       Troll leather arm |       |       |    18 |    50 ||    68
Dodge: Dodged            |    76 |    80 |   235 |   335 ||   726
       Rpst.: Long sword |    10 |       |       |       ||    10
